 Dungeon Crawl Stone Soup version 0.31-a0-1236-gaa9e43cceb (webtiles) character file.

Game seed: 12942519044125581893

269 Ge0ff the Shooter (level 6, -3/40 HPs)
             Began as a Kobold Chaos Knight on Dec 15, 2023.
             Splashed by a jelly's acid (4 damage)
             ... on level 5 of the Dungeon.
             The game lasted 00:06:55 (4163 turns).

Ge0ff the Shooter (Kobold Chaos Knight)             Turns: 4163, Time: 00:06:56

Health: -3/40      AC: -6    Str:  9      XL:     6   Next: 46%
Magic:  6/6        EV: 14    Int: 18      God:
Gold:   60         SH:  0    Dex: 17 (18) Spells: 5/5 levels left

rFire   . . .        a - +0 short sword (chaos)
rCold   x . .        (no shield)
rNeg    . . .        s - +2 leather armour
rPois   .            (no helmet)
rElec   .            (no cloak)
rCorr   .            (no gloves)
SInv    .            X - +1 pair of boots
Will    .....        (no amulet)
Stlth   ++++         Q - +6 ring of intelligence
HPRegen 0.26/turn    (no ring)
MPRegen 0.10/turn

%: no passive effects
@: corroded
A: small, no large weapons, nightstalker 3, thin skeletal structure 1, deformed
body, deterioration 1, dopey 1, cold vulnerability 1
a: no special abilities


You were on level 5 of the Dungeon.
You visited 1 branch of the dungeon, and saw 5 of its levels.

You collected 200 gold pieces.
You spent 140 gold pieces at shops.

Inventory:

Hand Weapons
 a - a +0 short sword of chaos (weapon)
 b - the +0 hand axe of Red Wine {flame, *Rage rC+ Will+ Dex+2}
   (You found it on level 2 of the Dungeon)

   Dex+2:     It affects your dexterity (+2).
   rC+:       It protects you from cold.
   Will+:     It increases your willpower.
   *Rage:     It berserks you when you make melee attacks (+20% chance).
 K - a +0 sling
Missiles
 T - 29 stones (quivered)
Armour
 s - a +2 leather armour (worn)
 X - a +1 pair of boots (worn)
Jewellery
 Q - a +6 ring of intelligence (left hand)
Scrolls
 y - a scroll of immolation
 I - a scroll of fog {unknown}
 J - a scroll of silence {!r}
 N - a scroll of revelation {unknown}
 O - a scroll of enchant weapon {unknown}
 U - a scroll of noise {unknown}
 V - 4 scrolls of poison {unknown}
 Z - 2 scrolls of teleportation {unknown}
Potions
 q - a potion of curing
 A - a potion of attraction
 M - a potion of haste {unknown}
 P - a potion of berserk rage {unknown}
 R - a potion of ambrosia {unknown}
 W - a potion of heal wounds {!q}
 Y - a potion of might {unknown}


   Skills:
 - Level 5.0 Fighting
 - Level 4.0 Short Blades
 + Level 5.6 Ranged Weapons
 - Level 0.7 Armour
 - Level 2.4 Dodging
 - Level 3.0 Stealth


You had 5 spell levels left.
You didn't know any spells.
Your spell library contained the following spells:

 Spells                   Type           Power      Damage    Failure   Level
 Magic Dart               Conj           0%         1d3       30%         1
 Summon Small Mammal      Summ           0%         N/A       30%         1
 Call Imp                 Summ           0%         N/A       41%         2
 Call Canine Familiar     Summ           0%         N/A       65%         3
 Mephitic Cloud           Conj/Pois/Air  0%         N/A       65%         3
 Summon Guardian Golem    Hex/Summ       0%         N/A       65%         3


Dungeon Overview and Level Annotations

Branches:
Dungeon (5/15) Zot: 25860
 Temple: D:4-7

Altars:
Ashenzari

Shops:
D:3 !


Innate Abilities, Weirdness & Mutations

You are small and have problems with some larger weapons.
You are completely attuned to the shadows.
You have a somewhat thin skeletal structure. (Dex +2, Stealth+)
Armour fits poorly on your strangely shaped body.
Your body sometimes deteriorates upon taking damage.
You are dopey. (Int -2)
You are vulnerable to cold. (rC-)


Message History

You now have 60 gold pieces (gained 18).
HP restored.
An orc comes into view. It is wielding a +0 morningstar.
You throw a stone. The stone closely misses the orc.
The orc shouts!
You hit the orc.
You kill the orc!
There is a large open door here.
Things that are here:
a +0 morningstar; an orc corpse You enter the shallow water.
Moving in this stuff is going to be slow.
A jelly comes into view.
Your line of fire to the jelly is blocked by a plant.
You throw a stone. The stone hits the jelly.
The jelly quivers.
The jelly is lightly wounded.
You throw a stone.
The stone hits the jelly but does no damage.
The jelly is lightly wounded.
You throw a stone.
The stone hits the jelly but does no damage.
The jelly is lightly wounded.
You hit the jelly. You freeze the jelly.
Your hands burn!
The jelly is heavily wounded.
The jelly barely misses you.
You hit the jelly. You burn the jelly.
Your hands burn!
The jelly is severely wounded.
The jelly completely misses you.
You hit the jelly but do no damage. The acid corrodes you!
Your hands burn!
The jelly is severely wounded.
You hit the jelly but do no damage.
The jelly looks weaker.
Your hands burn!
The jelly is severely wounded.
The jelly hits you. The acid corrodes you!
You are splashed with acid!
You hit the jelly but do no damage. The acid corrodes you!
Your hands burn!
* * * LOW HITPOINT WARNING * * *
The jelly is severely wounded.
The jelly hits you.
* * * LOW HITPOINT WARNING * * *
You are splashed with acid!
* * * LOW HITPOINT WARNING * * *
Your body deteriorates!
You feel clumsy.
You hit the jelly but do no damage.
Your hands burn!
You die...

~~~~.~~~~
♣~~~.~~~♣
♣~P~.~P~♣
~~~~J~~~♣#
#♣~~@~~~~#
.##.PP.~~♣##
.....♣.~~.#
....<.....#
..#......##.
.............
########......##
#§.....##......#
#§≈§§≈.##.......


You could see a jelly (weak).

Vanquished Creatures
  An orc priest (D:4)
  3 iguanas
  A sleepcap (D:5)
  Natasha (D:4)
  3 gnolls (D:2)
  2 adders
  2 dart slugs
  A worm (D:3)
  4 orcs
  5 endoplasms
  6 giant cockroaches
  3 goblins (D:2)
  5 hobgoblins
  A jackal (D:1)
  2 quokkas
  6 ball pythons
  3 bats
  2 frilled lizards
  4 kobolds
  4 rats
59 creatures vanquished.

Vanquished Creatures (others)
  A giant cockroach zombie (D:4)
1 creature vanquished.

Grand Total: 60 creatures vanquished

Notes
Turn   | Place    | Note
-------+----------+-------------------------------------------
     0 | D:1      | Ge0ff the Kobold Chaos Knight began the quest for the Orb.
     0 | D:1      | Reached XP level 1. HP: 14/14 MP: 1/1
    52 | D:1      | Reached skill level 1 in Stealth
   149 | D:1      | XOM: silly message
   268 | D:1      | XOM is BORED!
   268 | D:1      | XOM: silly message
   277 | D:1      | Reached XP level 2. HP: 19/19 MP: 2/2
   522 | D:1      | Fell from the grace of Xom
   784 | D:1      | Reached XP level 3. HP: 23/23 MP: 3/3
   860 | D:1      | XOM: give mutations
   860 | D:1      | Gained mutation: You are vulnerable to cold. (rC-) [Xom's
                  | mischief]
   860 | D:1      | Gained mutation: Your body sometimes deteriorates upon
                  | taking damage. [Xom's mischief]
   860 | D:1      | Gained mutation: You have a somewhat thin skeletal
                  | structure. (Dex +2, Stealth+) [Xom's mischief]
  1436 | D:2      | Found a broken altar of Ashenzari.
  1479 | D:2      | XOM: 1-stop teleportation journey
  1657 | D:2      | Reached XP level 4. HP: 24/30 MP: 4/4
  1740 | D:2      | XOM: stat loss: -3 Int (10/13)
  1840 | D:2      | XOM: draining
  2653 | D:2      | Found a faded altar of an unknown god.
  2676 | D:2      | XOM: give mutations
  2676 | D:2      | Gained mutation: Armour fits poorly on your strangely
                  | shaped body. [Xom's mischief]
  2676 | D:2      | Gained mutation: You are clumsy. (Dex -2) [Xom's mischief]
  2676 | D:2      | Lost mutation: You are clumsy. (Dex -2) [Xom's mischief]
  2676 | D:2      | Gained mutation: You are dopey. (Int -2) [Xom's mischief]
  2863 | D:2      | Identified the +0 hand axe of Red Wine {flame, *Rage rC+
                  | Will+ Dex+2}
  2975 | D:3      | Reached skill level 1 in Ranged Weapons
  3015 | D:3      | Reached skill level 5 in Fighting
  3043 | D:3      | XOM: 1-stop teleportation journey
  3413 | D:3      | Found Adghyret's Distillery.
  3419 | D:3      | Bought a potion of curing for 30 gold pieces
  3419 | D:3      | Bought a potion of heal wounds for 50 gold pieces
  3419 | D:3      | Bought a potion of attraction for 30 gold pieces
  3419 | D:3      | Bought a potion of lignification for 30 gold pieces
  3442 | D:3      | Reached XP level 5. HP: 31/32 MP: 5/5
  3760 | D:4      | Noticed Natasha
  3777 | D:4      | Killed Natasha
  3787 | D:4      | Reached XP level 6. HP: 18/40 MP: 6/6
  3906 | D:5      | Entered Level 5 of the Dungeon
  4086 | D:5      | Reached skill level 5 in Ranged Weapons
  4162 | D:5      | HP: 1/40 [acid (8)]
  4163 | D:5      | Splashed by a jelly's acid

Illustrated notes

Levels and vault maps discovered:
D:1:      psy_arrival_heroes, layout_basic, minmay_crystal_water, st_stairs_8,
          chequers_garden, glass_columns_b, chequers_jeans
D:2:      layout_basic, basic_altar, shapermc_ecumenical_altar_mp_highgroup
D:3:      layout_loops_cross, serial_shops, nicolae_shop_waterfront
D:4:      cheibrodos_quashed, layout_basic, nicolae_overflow_hidden_temple,
          uniq_natasha
D:5:      layout_basic, gammafunk_ghost_grave, serial_bayou,
          serial_bayou_lagoon_a, serial_bayou_ford_a, serial_bayou_shore_b,
          serial_bayou_pond_a, serial_bayou_pond_d, serial_bayou_lagoon_b,
          kennysheep_generic_room_12

Skill      XL: |  1  2  3  4  5  6 |
---------------+-------------------+-----
Stealth        | 2 3 |  3.0
Fighting       | 4 5 |  5.0
Ranged Weapons | 1 4 5 |  5.6
Short Blades   | |  4.0
Armour         | |  0.7
Dodging        | |  2.4

Action                     |  1- 3 |  4- 6 || total
---------------------------+-------+-------++-------
  Melee: Short sword       |    62 |    72 ||   134
         Unarmed           |       |    11 ||    11
  Throw: Stone             |     1 |     4 ||     5
 Invoke: Renounce Religion |     1 |       ||     1
    Use: Scroll            |       |     4 ||     4
         Potion            |       |     2 ||     2
   Stab: Sleeping          |    13 |    18 ||    31
         Confused          |     1 |     1 ||     2
 Armour: Leather armour    |    18 |    27 ||    45
         Skin              |       |    11 ||    11
  Dodge: Dodged            |    29 |    31 ||    60

Table legend: (Time is in decaauts)
 A = Elapsed time spent in this place.
 B = Non-inter-level travel time spent in this place.
 C = Inter-level travel time spent in this place.
 D = Time resting spent in this place.
 E = Time spent auto-exploring this place.
 F = Levels seen in this place.
 G = Mean time per level.
                   A        B        C        D        E       F      G
               +--------+--------+--------+--------+--------+-----+--------+
         Total |   4139 |   3973 |    166 |    852 |   2512 |   5 |  827.8 |
       Dungeon |   4139 |   3973 |    166 |    852 |   2512 |   5 |  827.8 |
               +--------+--------+--------+--------+--------+-----+--------+

Top non-repeatable levels by time:
     D:2: 1558 daAuts
     D:1: 1399 daAuts
     D:3: 686 daAuts
     D:5: 255 daAuts
     D:4: 240 daAuts
